Map: [ESL] Hard Lead

Players

MaNa

  • Race: Protoss Protoss
  • Spawn Location: 11:00

Bly - Winner!

  • Race: Zerg Zerg
  • Spawn Location: 5:00

Event: ESL SC2 Masters 2023 Winter (Regional)

VOD

Have the link to the VOD?

Description

Time

  • Played on: Oct. 26, 2023, 2:24 p.m.
  • Length: 18:26

All games in this series

Show
View Real Time Build Order
Export as new Build Order

MaNa Protoss 

Build Orders: 1 Gate Expand, Oracle Opening 

Get SALT Encoding   

  12  0:00  Probe  
  13  0:12  Probe  
  14  0:20  Pylon  
  14  0:24  Probe  
  15  0:38  Probe (Chrono Boost)  
  16  0:45  Gateway  
  16  0:47  Probe (Chrono Boost)  
  17  0:50  Assimilator  
  17  0:52  Probe  
  18  1:04  Probe  
  19  1:16  Probe  
  20  1:28  Nexus  
  20  1:37  Cybernetics Core  
  20  1:41  Probe  
  21  1:48  Assimilator  
  21  1:53  Probe  
  22  1:57  Pylon  
  22  2:05  Probe  
  23  2:13  Adept (Chrono Boost)  
  25  2:17  Probe  
  25  2:20  Stargate  
  26  2:29  Probe  
  27  2:30  Warp Gate  
  27  2:33  Adept (Chrono Boost)  
  29  2:41  Probe x2  
  31  2:53  Probe  
  31  2:57  Adept  
  33  3:01  Probe  
  33  3:05  Oracle (Chrono Boost)  
  34  3:12  Probe  
  38  3:15  Probe  
  39  3:24  Probe  
  40  3:29  Probe  
  40  3:31  Gateway  
  41  3:35  Oracle  
  41  3:36  Probe  
  44  3:45  Probe  
  44  3:53  Probe  
  44  4:03  Nexus  
  43  4:13  Probe  
  43  4:14  Probe  
  43  4:16  Oracle  
  43  4:23  Adept  
  43  4:27  Probe  
  43  4:29  Adept  
  46  4:38  Pylon  
  46  4:44  Probe  
  46  4:45  Probe  
  46  4:50  Twilight Council  
  46  4:52  Pylon  
  46  4:54  Forge  
  46  5:09  Gateway x2  
  46  5:10  Probe x2  
  46  5:13  Adept  
  50  5:17  Adept  
  52  5:22  Probe  
  52  5:23  Pylon  
  52  5:26  Pylon  
  51  5:29  Protoss Ground Weapons Level 1 (Chrono Boost), Shield Battery  
  51  5:33  Photon Cannon, Charge (Chrono Boost)  
  51  5:36  Gateway  
  51  5:39  Shield Battery  
  51  5:48  Stalker  
  52  6:06  Zealot x3  
  52  6:09  Probe  
  60  6:11  Probe  
  60  6:16  Probe  
  59  6:19  Zealot  
  59  6:21  Probe  
  59  6:23  Probe  
  61  6:26  Zealot x2  
  61  6:28  Probe  
  61  6:29  Zealot  
  66  6:33  Probe  
  66  6:35  Probe  
  68  6:40  Probe  
  68  6:42  Cybernetics Core  
  68  6:43  Pylon  
  69  6:53  Pylon  
  69  7:01  Zealot x3  
  69  7:02  Zealot  
  77  7:11  Probe x3  
  77  7:12  Zealot  
  82  7:23  Zealot, Probe  
  85  7:34  Probe  
  84  7:39  Pylon  
  84  7:40  Pylon  
  84  7:41  Probe  
  84  7:43  Zealot  
  83  7:45  Probe  
  83  7:47  Probe  
  78  7:53  Probe  
  78  7:55  Stalker x4  
  78  7:57  Probe  
  78  7:59  Probe  
  78  8:03  Assimilator  
  78  8:04  Robotics Facility  
  78  8:05  Probe  
  78  8:06  Void Ray  
  78  8:07  Zealot  
  78  8:08  Assimilator  
  78  8:09  Probe  
  78  8:10  Assimilator  
  81  8:14  Assimilator, Probe  
  81  8:17  Probe  
  81  8:19  Stalker x4  
  91  8:23  Blink (Chrono Boost)  
  91  8:33  Stalker  
  91  8:37  Photon Cannon  
  91  8:41  Probe x2  
  93  8:45  Zealot x2  
  93  8:46  Zealot x2  
  101  8:49  Pylon  
  101  8:51  Pylon  
  101  8:55  Robotics Bay  
  101  8:58  Shield Battery  
  101  9:05  Probe  
  99  9:11  Sentry  
  99  9:12  Sentry, Immortal (Chrono Boost)  
  99  9:14  Shield Battery  
  99  9:16  Probe  
  108  9:18  Probe  
  108  9:22  Photon Cannon  
  109  9:25  Zealot  
  109  9:27  Probe  
  109  9:31  Protoss Ground Weapons Level 2 (Chrono Boost)  
  106  9:39  Disruptor (Chrono Boost)  
  106  9:40  Pylon  
  109  9:45  Probe  
  109  9:53  Zealot x4  
  105  10:03  Zealot  
  93  10:07  Disruptor  
  93  10:09  Stalker  
  76  10:24  Stalker x2  
  76  10:25  Stalker x2  
  64  10:32  Stalker  
  62  10:47  Stalker  
  62  10:48  Stalker x3  
  70  10:50  Probe x2  
  72  11:02  Disruptor, Probe  
  73  11:04  Probe  
  73  11:08  Stalker x2  
  78  11:14  Probe  
  79  11:36  Warp Prism (Chrono Boost)  
  79  11:39  Nexus  
  81  11:44  Probe x2  
  83  11:57  Stalker x3  
  85  12:17  Nexus  
  85  12:20  Stalker x4  
  85  12:32  Stalker  
  85  12:36  Disruptor  
  82  12:53  Stalker x3  
  82  12:58  Stalker  
  86  13:03  Probe x2  
  88  13:19  Stalker x3  
  88  13:25  Disruptor  
  72  13:52  Stalker x4  
  66  14:16  Stalker x4  
  68  14:17  Stalker  
  68  14:24  Disruptor (Chrono Boost)  
  70  14:55  Stalker x2  
  70  14:56  Stalker x2  
  60  15:53  Stalker x5  
  56  16:24  Stalker x4  
  62  17:10  Stalker x3  
  48  17:51  Stalker x3  
  48  17:53  Stalker  
Show
View Real Time Build Order
Export as new Build Order

Bly Zerg - Winner!

Build Orders: Hatch First, Swarm Host 

Get SALT Encoding   

  12  0:00  Drone  
  13  0:12  Overlord  
  13  0:18  Drone  
  14  0:30  Drone x2  
  16  0:48  Hatchery  
  15  0:52  Drone  
  15  0:54  Drone  
  17  0:58  Drone  
  18  1:09  Extractor  
  17  1:14  Spawning Pool  
  17  1:16  Drone  
  17  1:20  Drone  
  18  1:28  Drone  
  19  1:38  Drone  
  20  1:49  Overlord  
  20  2:01  Zergling x4, Queen  
  20  2:02  Queen  
  26  2:12  Drone x2  
  26  2:13  Metabolic Boost  
  28  2:27  Drone x2  
  30  2:35  Hatchery  
  30  2:44  Drone x2  
  30  2:47  Queen  
  33  2:52  Overlord  
  32  3:01  Zergling x6  
  35  3:05  Overlord  
  34  3:14  Queen  
  34  3:16  Zergling x4  
  37  3:27  Drone x4  
  37  3:33  Overlord  
  40  3:53  Zergling x10  
  44  4:01  Drone x5  
  47  4:11  Drone x3  
  49  4:20  Drone  
  49  4:21  Drone x4, Queen  
  49  4:22  Queen  
  57  4:33  Overlord  
  57  4:37  Spore Crawler  
  57  4:38  Spore Crawler x2  
  51  4:45  Zergling x4  
  51  4:46  Zergling x12  
  59  4:55  Drone x5  
  64  5:05  Queen  
  64  5:06  Queen  
  68  5:07  Queen  
  70  5:17  Zergling x8  
  70  5:28  Drone x4  
  70  5:29  Overlord x2  
  70  5:30  Overlord  
  73  5:38  Zergling x2  
  72  5:44  Zergling x4  
  73  5:53  Lair  
  73  5:54  Roach Warren  
  73  5:56  Drone  
  73  5:57  Drone x7  
  78  6:08  Zergling x6  
  78  6:14  Queen x2  
  78  6:18  Zergling x4  
  76  6:25  Drone x11  
  82  6:27  Drone, Extractor  
  82  6:28  Extractor  
  82  6:29  Extractor  
  82  6:30  Extractor x2  
  76  6:35  Drone  
  76  6:36  Drone, Hatchery  
  76  6:38  Drone  
  76  6:40  Evolution Chamber  
  76  6:45  Overlord  
  74  6:57  Drone x3  
  74  7:01  Glial Reconstitution  
  77  7:04  Queen x3  
  77  7:06  Zerg Missile Weapons Level 1  
  83  7:09  Infestation Pit, Drone x3  
  83  7:11  Overlord x2  
  83  7:14  Roach x6  
  97  7:16  Evolution Chamber  
  97  7:19  Evolution Chamber  
  97  7:22  Roach  
  97  7:29  Overlord x2  
  95  7:31  Roach x4  
  101  7:39  Roach x5  
  106  7:46  Swarm Host  
  106  7:47  Roach x3  
  99  7:55  Roach  
  99  7:56  Roach x3  
  104  8:01  Roach x3  
  104  8:02  Roach  
  111  8:10  Queen  
  111  8:11  Queen  
  115  8:23  Roach x7  
  127  8:34  Overlord x2  
  127  8:35  Zergling x12  
  127  8:40  Ravager  
  127  8:41  Ravager x2  
  136  8:50  Overlord x3  
  136  8:52  Queen  
  134  9:09  Ravager x2  
  136  9:10  Zergling x6, Ravager x6  
  136  9:11  Zergling x14  
  152  9:22  Roach x5  
  157  9:37  Drone x3  
  157  9:38  Drone x4  
  159  9:43  Overseer  
  158  9:57  Swarm Host  
  158  9:58  Roach x8  
  154  10:08  Roach x3  
  131  10:22  Roach x9, Queen x2  
  131  10:23  Queen  
  151  10:34  Roach x3  
  153  10:36  Hatchery  
  153  10:40  Roach  
  150  10:52  Swarm Host x5  
  155  11:10  Drone x2  
  155  11:11  Drone x7  
  164  11:18  Swarm Host  
  164  11:19  Swarm Host x3  
  151  11:33  Roach x4  
  159  11:41  Zergling x2  
  159  11:42  Zergling x2  
  159  11:43  Overseer  
  161  11:50  Roach x7  
  161  11:51  Roach x3  
  176  12:00  Zergling x8  
  176  12:12  Zerg Melee Weapons Level 1  
  176  12:17  Zergling x12  
  176  12:19  Overlord x2  
  176  12:20  Overlord  
  142  12:33  Roach x7  
  147  12:40  Roach x3  
  151  12:47  Roach x9  
  162  12:56  Roach x4  
  165  12:59  Ravager  
  166  13:06  Roach x4  
  166  13:10  Zergling x6  
  156  13:20  Zergling x14  
  155  13:27  Roach x3, Queen  
  155  13:28  Queen x3  
  169  13:39  Roach  
  169  13:40  Roach x8  
  161  14:03  Queen  
  144  14:19  Ravager x19  
  163  14:30  Zergling x26  
  161  14:48  Hatchery  
  161  14:52  Zergling x16  
  168  14:54  Hatchery  
  168  14:58  Infestor x2  
  166  15:10  Zergling x8  
  162  15:27  Roach x4  
  143  15:50  Roach x7  
  142  16:04  Roach  
  142  16:05  Roach x3  
  137  16:19  Zergling x10  
  138  16:35  Zergling x12  
  138  16:36  Queen x3  
  144  16:42  Zergling x12  
  142  16:52  Roach  
  142  16:53  Roach x3  
  129  17:12  Roach x9  
  140  17:33  Roach  
  140  17:34  Roach x9  
  159  17:39  Ravager x10  
  159  17:40  Ravager  
  155  17:55  Zergling x20  
Tags
 
Add a new tag
Caveats
  • Supply blocks, unpowered buildings, or Contaminate may cause inaccurate times.
  • Supply counts are checked every 10 seconds.